 Dungeon Crawl Stone Soup version 0.29.0-4-gdea44cf6ec (webtiles) character file.

Game seed: 1572536940049878434

150 qw the Chopper (level 5, -5/30 HPs)
             Began as a Tengu Warper on Aug 28, 2022.
             Slain by a wyvern (11 damage)
             ... on level 4 of the Dungeon.
             The game lasted 00:00:19 (2725 turns).

qw the Chopper (Tengu Warper)                       Turns: 2725, Time: 00:00:20

Health: -5/30      AC:  5    Str: 13    XL:     5   Next: 32%
Magic:  9/9        EV: 13    Int: 14    God:
Gold:   179        SH:  0    Dex: 13    Spells: 8/8 levels left

rFire   . . .      SeeInvis .   Y - +0 hand axe
rCold   . . .      Faith    .   (no shield)
rNeg    . . .      Spirit   .   g - +0 ring mail
rPois   .          Reflect  .   (helmet restricted)
rElec   .          Harm     .   (no cloak)
rCorr   .          Rampage  .   (no gloves)
Will    .....                   (boots unavailable)
Stlth   +.........              (no amulet)
HPRegen 0.10/turn               (no ring)
MPRegen 0.11/turn               (no ring)

@: lethally poisoned (-5 -> -6), flying quickly and evasively, quick
A: beak, talons 3, nimble flight
a: no special abilities


You were on level 4 of the Dungeon.
You visited 1 branch of the dungeon, and saw 4 of its levels.

You collected 179 gold pieces.


Innate Abilities, Weirdness & Mutations

You have a beak for a mouth.
You have claws for feet.
Your magical nature lets you fly swiftly and evasively.


   Skills:
 - Level 2.0 Fighting
 + Level 5.9 Axes
 - Level 1.0 Throwing
 - Level 1.1 Armour
 - Level 2.1 Dodging
 - Level 2.0 Spellcasting
 - Level 2.4 Translocations


You had 8 spell levels left.
You didn't know any spells.
Your spell library contained the following spells:

 Spells                   Type           Power      Damage    Failure   Level
 Blink                    Tloc           16%        N/A       28%         2
 Gell's Gravitas          Tloc           8%         N/A       50%         3
 Lesser Beckoning         Tloc           8%         N/A       50%         3
 Teleport Other           Tloc           8%         N/A       50%         3
 Manifold Assault         Tloc           8%         N/A       99%         5

Inventory:

Hand Weapons
 c - a +0 flail
 Y - a +0 hand axe (weapon)
Armour
 g - a +0 ring mail (worn)
Scrolls
 a - a scroll of identify
Potions
 d - a potion of haste
 e - 2 potions of curing
 f - 2 potions of mutation
 i - a potion of brilliance {unknown}

Dungeon Overview and Level Annotations

Branches:
Dungeon (4/15)
 Temple: D:4-7

Altars:
Sif Muna

Shops:
D:1 (


Message History

2698 ||| DROPPING +0 leather armour.
You drop a +0 leather armour.
Done exploring.
2699 ||| READING 2 scrolls of identify.
As you read the scroll of identify, it crumbles to dust.
h - a potion of flight
2699 ||| IDENTIFYING fuming coppery potion Done exploring.
2700 ||| DROPPING potion of flight.
You drop a potion of flight.
Done exploring.
(D) Dungeon
Where to? (* - list waypoints, Enter - D:3, ? - help)
What level of the Dungeon? (default 1, ? - help)
There is a stone staircase leading down here.
You fly downwards.
There is a stone staircase leading up here.
Existing waypoints: (1) D:2 (2) D:3 Assign waypoint to what number? (0-9, D - delete waypoint) Waypoint 1 re-assigned from D:2 to D:4.
Found a stone staircase leading down.
Enter note: A wyvern and 2 kobolds come into view.
A kobold is wielding a +0 dagger and quivering poisoned darts.
The wyvern hisses angrily.
The kobold shouts! x2
The kobold throws a poisoned dart.
The poisoned dart closely misses you.
The kobold throws a poisoned dart.
The poisoned dart hits you!
You are poisoned.
You feel sick.
You feel sick.
The kobold throws a poisoned dart.
The poisoned dart barely misses you.
You feel sick.
You hit the wyvern but do no damage. You peck the wyvern, but do no damage.
You hit the kobold but do no damage.
You feel sick. The wyvern bites you!
Ouch! That really hurt!
You hit the wyvern. Your kick misses the wyvern.
The wyvern is moderately wounded.
You barely miss the kobold.
You feel sick. The wyvern bites you!
You die...

# ...# #. #.$# .
.# #..## .. ##
...... .. .
.#..##.# #. ..K..
#. #$l# #.. #@K#
#..#######..#####.
#.................
>#.........##...
#.##.###..# .
#.##.# .....
#.##.# #.##..
#<##.# .# ..
#.##.# .# #


You could see a wyvern and 2 kobolds.

Vanquished Creatures
  3 gnolls (D:3)
  4 adders
  2 worms (D:2)
  A dart slug (D:1)
  4 orcs (D:3)
  10 endoplasms
  2 giant cockroaches (D:1)
  5 goblins
  7 hobgoblins
  3 quokkas
  8 ball pythons
  8 bats
  3 frilled lizards
  4 kobolds
  9 rats
73 creatures vanquished.

Notes
Turn   | Place    | Note
-------+----------+-------------------------------------------
     0 | D:1      | qw the Tengu Warper began the quest for the Orb.
     0 | D:1      | Reached XP level 1. HP: 12/12 MP: 4/4
     0 | D:1      | 0 ||| qw: Version: 0.1-a-89-g26bdef1
     0 | D:1      | 0 ||| qw: Game counter: 3009
     0 | D:1      | 0 ||| qw: Always use a shield: true
     0 | D:1      | 0 ||| qw: God list: Okawaru
     0 | D:1      | 0 ||| qw: Allow faded altars: false
     0 | D:1      | 0 ||| qw: Do Orc after D:15 true
     0 | D:1      | 0 ||| qw: Do second Lair branch before Depths: true
     0 | D:1      | 0 ||| qw: Lair rune preference: random
     0 | D:1      | 0 ||| qw: Plans: Normal
     0 | D:1      | 0 ||| PLANNING D:1-11
   190 | D:1      | Reached XP level 2. HP: 17/17 MP: 6/6
   201 | D:1      | Reached skill level 3 in Axes
   294 | D:1      | Found Ogaegy's Antique Weapon Shop.
   304 | D:1      | 304 ||| SHOPLISTING club (27 gold, have 26).
   304 | D:1      | 304 ||| SHOPLISTING mace (81 gold, have 26).
   592 | D:1      | 592 ||| DROPPING +0 club.
   647 | D:1      | Reached XP level 3. HP: 21/21 MP: 7/7
   784 | D:1      | 784 ||| READING 3 scrolls labelled YPPIAMEMUM.
   785 | D:1      | 785 ||| READING scroll labelled KUZANN VESS.
   786 | D:1      | 786 ||| READING scroll labelled GIUJOY EKHLU.
   887 | D:1      | 887 ||| READING scroll labelled FAHIJA AXKIYLOTU.
   888 | D:1      | 888 ||| DRINKING 2 puce potions.
   889 | D:1      | 889 ||| DRINKING 2 white potions.
   890 | D:1      | 890 ||| DROPPING scroll of blinking.
   891 | D:1      | 891 ||| DROPPING potion of attraction.
   952 | D:2      | Reached skill level 4 in Axes
   980 | D:2      | HP: 5/21 [bat (1)]
  1210 | D:2      | Found a shimmering blue altar of Sif Muna.
  1277 | D:2      | 1277 ||| Stepping ~*~*~tactically~*~*~ (stealth).
  1279 | D:2      | 1279 ||| Stepping ~*~*~tactically~*~*~ (stealth).
  1285 | D:2      | 1285 ||| Stepping ~*~*~tactically~*~*~ (stealth).
  1287 | D:2      | 1287 ||| Stepping ~*~*~tactically~*~*~ (stealth).
  1326 | D:2      | Reached XP level 4. HP: 25/26 MP: 8/8
  1346 | D:2      | 1346 ||| Stepping ~*~*~tactically~*~*~ (stealth).
  1367 | D:2      | 1367 ||| Stepping ~*~*~tactically~*~*~ (stealth).
  1370 | D:2      | 1370 ||| Stepping ~*~*~tactically~*~*~ (stealth).
  1794 | D:2      | Reached skill level 5 in Axes
  2042 | D:2      | 2042 ||| READING scroll labelled UFIUTSA WEIBB.
  2046 | D:2      | 2046 ||| READING scroll labelled LEJISO JAOKYELAM.
  2047 | D:2      | 2047 ||| READING scroll labelled JEEGEAPSAH.
  2048 | D:2      | 2048 ||| DRINKING 2 lumpy blue potions.
  2049 | D:2      | 2049 ||| READING 4 scrolls of identify.
  2049 | D:2      | 2049 ||| IDENTIFYING smoky brown potion
  2050 | D:2      | 2050 ||| READING 3 scrolls of identify.
  2050 | D:2      | 2050 ||| IDENTIFYING smoky yellow potion
  2051 | D:2      | 2051 ||| READING 2 scrolls of identify.
  2051 | D:2      | 2051 ||| IDENTIFYING amethyst potion
  2052 | D:2      | 2052 ||| DROPPING potion of lignification.
  2106 | D:3      | 2106 ||| Stepping ~*~*~tactically~*~*~ (hiding).
  2121 | D:3      | Gained mutation: Your magical nature lets you fly swiftly
                  | and evasively. [Tengu growth]
  2121 | D:3      | Reached XP level 5. HP: 8/30 MP: 9/9
  2121 | D:3      | HP: 6/30 [rat (2)]
  2122 | D:3      | 2122 ||| DRINKING potion of heal wounds.
  2149 | D:3      | 2149 ||| DROPPING +0 mace.
  2153 | D:3      | 2153 ||| Stepping ~*~*~tactically~*~*~ (stealth).
  2157 | D:3      | 2157 ||| Stepping ~*~*~tactically~*~*~ (stealth).
  2159 | D:3      | 2159 ||| Stepping ~*~*~tactically~*~*~ (stealth).
  2168 | D:3      | 2168 ||| Stepping ~*~*~tactically~*~*~ (stealth).
  2174 | D:3      | 2174 ||| Stepping ~*~*~tactically~*~*~ (stealth).
  2175 | D:3      | 2175 ||| Stepping ~*~*~tactically~*~*~ (stealth).
  2508 | D:3      | Found a faded altar of an unknown god.
  2688 | D:3      | 2688 ||| UPGRADING to +0 ring mail.
  2698 | D:3      | 2698 ||| DROPPING +0 leather armour.
  2699 | D:3      | 2699 ||| READING 2 scrolls of identify.
  2699 | D:3      | 2699 ||| IDENTIFYING fuming coppery potion
  2700 | D:3      | 2700 ||| DROPPING potion of flight.
  2716 | D:4      | Noticed a wyvern
  2724 | D:4      | HP: 7/30 [wyvern (17)]
  2725 | D:4      | Slain by a wyvern

Levels and vault maps discovered:
D:1:      nicolae_arrival_memento_mori, layout_basic, serial_shops, shop
D:2:      kennysheep_big_flooded_room, layout_rooms, basic_altar, minmay_vboxes
D:3:      layout_basic, chequers_ecumenical_altar_island
D:4:      layout_loops_ring, grunt_qazlal_sundering

Skill      XL: |  1  2  3  4 |
---------------+-------------+-----
Axes           | 3 4 5 |  5.9
Fighting       | |  2.0
Throwing       | |  1.0
Armour         | |  1.1
Dodging        | |  2.1
Spellcasting   | |  2.0
Translocations | |  2.4

Action                   |  1- 3 |  4- 6 || total
-------------------------+-------+-------++-------
Melee: Hand axe          |    70 |    92 ||   162
       Peck              |    12 |    12 ||    24
       Kick              |    17 |    20 ||    37
Throw: Boomerang         |     7 |       ||     7
  Use: Scroll            |     4 |     7 ||    11
       Potion            |     2 |     2 ||     4
Armor: Leather armour    |    15 |    14 ||    29
Dodge: Dodged            |    24 |    55 ||    79

Table legend:
 A = Non-vault XP
 B = Vault XP
 C = Vault XP percentage of total XP
 D = Non-vault monster count
 E = Vault monster count
 F = Vault count percentage of total count
                 A         B        C        D         E       F
            +---------+---------+-------+---------+---------+-------
      Total |     190 |      25 |  11.6 |      64 |       9 |  12.3
            +---------+---------+-------+---------+---------+-------
        D:1 |      36 |       0 |   0.0 |      23 |       0 |   0.0
        D:2 |      60 |      25 |  29.4 |      19 |       9 |  32.1
        D:3 |      94 |       0 |   0.0 |      22 |       0 |   0.0
            +---------+---------+-------+---------+---------+-------
